 Dungeon Crawl Stone Soup version 0.30-b1-2-g02819fbbbe (webtiles) character file.

Game seed: 15754685485914584911

200939 Fartwhistle the Alchemist (level 18, 0/246 (249) HPs)
             Began as a Black Draconian Transmuter on June 7, 2023.
             Was the Champion of Makhleb.
             Killed from afar by a starcursed mass (5 damage)
             ... with an accursed screaming
             ... on level 3 of the Abyss.
             The game lasted 02:00:47 (39868 turns).

Fartwhistle the Alchemist (DrTm)                   Turns: 39868, Time: 02:00:49

HP:   0/246 (249)   AC: 20    Str: 22    XL:     18   Next: 28%
MP:   32/32         EV: 17    Int: 21    God:    Makhleb [******]
Gold: 1151          SH:  5    Dex: 19    Spells: 10/37 levels left

rFire   + .          .
                       - Unarmed
rCold   . . .        (shield currently unavailable)
rNeg    . . .        (body armour unavailable)
rPois   +            (helmet currently unavailable)
rElec   +            C - melded +2 cloak {Stlth+}
rCorr   +            H - melded +2 pair of gloves {Str+3}
SInv    .            g - melded +0 pair of boots
Will    +....        y - amulet of reflection
Stlth   ++           M - ring of resist corrosion
HPRegen 0.61/turn    X - ring "Wiyl" {rF+ EV+5 Dex+6}
MPRegen 0.23/turn

%: reflection
@: about to teleport, dragon-form, wereblooded, flying, wreathed by umbra,
lightly drained
A: dragon claw, dragon scales, flying, boosted hp, breathe lightning, AC +10,
giant, unfitting armour, (big wings), electricity resistance, (cold-blooded)
a: Breathe Lightning, End Transformation, Renounce Religion, Minor Destruction,
Lesser Servant of Makhleb, Major Destruction, Greater Servant of Makhleb


You were on level 3 of the Abyss.
You worshipped Makhleb.
Makhleb was exalted by your worship.
You were a fearsome storm dragon!
You visited 7 branches of the dungeon, and saw 30 of its levels.
You visited the Abyss 1 time.
You visited 1 bazaar.
You also visited: Gauntlet.

You collected 3090 gold pieces.
You spent 1939 gold pieces at shops.

Inventory:

Missiles
 f - 4 throwing nets
Armour
 g - a +0 pair of boots (melded)
 C - a +2 cloak of stealth (melded)
 H - a +2 pair of gloves of strength (melded)
Magical Staves
 p - a staff of air
 s - a staff of conjuration
Jewellery
 b - a ring of fire
 l - a ring of ice
 q - an amulet of faith
 y - an amulet of reflection (around neck)
 M - a ring of resist corrosion (left foreclaw)
 U - a ring of wizardry
 W - a ring of protection from cold
 X - the ring "Wiyl" (right foreclaw) {rF+ EV+5 Dex+6}
   (You bought it in a shop on level 12 of the Dungeon)

   [ring of evasion]

   EV:        It affects your evasion (+5).
   Dex:       It affects your dexterity (+6).
   rF:        It protects you from fire.
Wands
 m - a wand of polymorph (9)
 t - a wand of digging (17)
 v - a wand of mindburst (11)
 E - a wand of charming (22)
 G - a wand of acid (8)
 K - a wand of roots (5)
Scrolls
 a - 4 scrolls of brand weapon
 c - 2 scrolls of enchant weapon
 e - 6 scrolls of amnesia
 h - 2 scrolls of identify
 i - 3 scrolls of noise
 j - 4 scrolls of magic mapping
 k - 9 scrolls of teleportation
 n - 7 scrolls of silence
 w - 3 scrolls of immolation
 B - 2 scrolls of blinking
 D - a scroll of enchant armour
 F - 3 scrolls of vulnerability
 V - a scroll of butterflies
 Z - a scroll of poison
Potions
 d - 2 potions of resistance
 o - 6 potions of attraction
 u - 6 potions of mutation
 x - 4 potions of flight
 z - 2 potions of might
 A - 8 potions of curing
 N - 3 potions of berserk rage
 O - 2 potions of magic
 P - 6 potions of lignification
 Y - a potion of brilliance
Miscellaneous
 I - a phantom mirror
 J - a phial of floods
 R - a lightning rod (4/4)


   Skills:
 + Level 16.1 Fighting
 - Level 8.0 Dodging
 + Level 14.7 Unarmed Combat
 - Level 10.0 Spellcasting
 * Level 8.7 Conjurations
 - Level 17.0 Transmutations
 - Level 3.7 Ice Magic
 * Level 15.1 Air Magic
 - Level 2.0 Poison Magic
 - Level 6.0 Invocations
 - Level 4.0 Evocations


You had 10 spell levels left.
You knew the following spells:

 Your Spells              Type           Power      Damage    Failure   Level
a - Beastly Appendage     Tmut           100%       N/A       0%          1
b - Wereblood             Tmut           69%        N/A       0%          2
c - Spider Form           Tmut/Pois      50%        N/A       1%          3
d - Airstrike             Air            32%        2d(5-21)  1%          4
e - Ice Form              Ice/Tmut       52%        N/A       1%          4
f - Dragon Form           Tmut           34%        N/A       4%          7
g - Conjure Ball Lightni  Conj/Air       28%        3x3d8     8%          6

Your spell library contained the following spells:

 Spells                   Type           Power      Damage    Failure   Level
 Magic Dart               Conj           100%       1d8       1%          1
 Shock                    Conj/Air       100%       1d9       1%          1
 Cigotuvi's Dreadful Rot  Necr/Pois/Air  68%        N/A       1%          2
 Passwall                 Tmut/Erth      38%        N/A       1%          2
 Searing Ray              Conj           94%        2d7       1%          2
 Swiftness                Air            65%        N/A       1%          3
 Dazzling Flash           Conj/Hex       56%        N/A       3%          3
 Stone Arrow              Conj/Erth      56%        3d10      3%          3
 Alistair's Intoxication  Tmut/Pois      33%        N/A       3%          5
 Yara's Violent Unravell  Hex/Tmut       23%        3d10      5%          5
 Apportation              Tloc           20%        N/A       6%          1
 Sandblast                Erth           20%        2d7       6%          1
 Fulminant Prism          Conj/Hex       14%        3d8       11%         4
 Iskenderun's Mystic Bla  Conj/Tloc      28%        2d7       11%         4
 Tukima's Dance           Hex            10%        N/A       19%         3
 Volatile Blastmotes      Fire/Tloc      20%        2d11      19%         3
 Cause Fear               Hex            5%         N/A       54%         4
 Dispel Undead            Necr           10%        3d9       54%         4
 Passage of Golubria      Tloc           10%        N/A       54%         4
 Starburst                Conj/Fire      14%        6d6       86%         6
 Death Channel            Necr           5%         N/A       100%        6
 Discord                  Hex            5%         N/A       100%        8
 Disjunction              Tloc           5%         N/A       100%        8
 Dragon's Call            Summ           5%         N/A       100%        9


Dungeon Overview and Level Annotations

Branches:
Dungeon (15/15)            Temple (1/1) D:4            Lair (5/5) D:9
 Shoals (3/4) Lair:2       Spider (1/4) Lair:2        Slime (0/5) Lair:4
    Orc (2/2) D:10            Elf (3/3) Orc:2        Vaults (0/5) D:14
 Depths (0/4) D:15        Gauntlet (visited)

Altars:
Ashenzari
Cheibriados
Dithmenos
Elyvilon
Fedhas
Gozag
Hepliaklqana
Kikubaaqudgha
Makhleb
Nemelex Xobeh
Okawaru
Qazlal
Ru
Sif Muna
Trog
Uskayaw
Vehumet
Wu Jian
Xom
Yredelemnul
Zin
The Shining One
Jiyva

Shops:
D:4 ?   D:8 [   D:12 *   Orc:2 (:*:=   Elf:3 :   Shoals:1 :

Annotations:
D:3 exclusion: goblin
Shoals:3 Mara
Elf:3 1 exclusion


Innate Abilities, Weirdness & Mutations

You are a fearsome storm dragon!
You have a powerful clawing attack.
Your giant scaled body is strong and resiliant, but less evasive.
Your breath weapon is enhanced in this form.
You are flying.
Your maximum health is greatly increased.
Your armour is entirely melded.
You are incapable of wielding weapons or throwing items.
You can breathe wild blasts of lightning.
Your glossy black scales are hard. (AC +10)
You cannot fit into any form of body armour.
((Your large and strong wings let you fly.))
You are resistant to electric shocks. (rElec)
((You are cold-blooded and may be slowed by cold attacks.))


Message History

The profane servitor hits you with a +2 whip!
* * * LOW HITPOINT WARNING * * *
You block the starcursed mass's attack. x2
Unknown command.
You barely miss the profane servitor.
Your tail-slap misses the profane servitor.
The profane servitor is moderately damaged.
The profane servitor hits you but does no damage.
You block the profane servitor's attack.
Unknown command.
You maul the profane servitor!!!
Your tail-slap misses the profane servitor.
You bite the profane servitor!
The profane servitor is severely damaged.
The profane servitor misses you.
You block the profane servitor's attack.
A chorus of shrieks assaults your mind.
* * * LOW HITPOINT WARNING * * *
The starcursed mass touches you but does no damage.
You claw the profane servitor! Your bite misses the profane servitor.
The profane servitor is almost destroyed.
You have got your breath back.
The profane servitor hits you with a +2 whip.
* * * LOW HITPOINT WARNING * * *
The profane servitor draws strength from your injuries!
You block the profane servitor's attack.
The starcursed mass touches you but does no damage.
A chorus of shrieks assaults your mind.
* * * LOW HITPOINT WARNING * * *
The profane servitor hits you with a +2 whip!
* * * LOW HITPOINT WARNING * * *
The profane servitor draws strength from your injuries!
The profane servitor hits you but does no damage.
You feel better.
The profane servitor hits you with a +2 whip!
* * * LOW HITPOINT WARNING * * *
The profane servitor draws strength from your injuries!
The profane servitor hits you but does no damage.
A chorus of shrieks assaults your mind.
You die...

. # . #. ..#. .
.. . # . . #.
.##.## # ####..#
. # ...#) . . #
##ยง#.#..# ..
#.#.X...... #
#.D# . #####.
##AX.#.... . #
X#.....#... #.
......... . #v.
...........
..#............
#_.. .....#.. .
######...###...#
. . ....


You could see a profane servitor, 2 starcursed masses, a spatial vortex and a
large abomination.

Vanquished Creatures
  A deep elf master archer (Elf:3)
  A deep elf blademaster (Elf:2)
  3 tentacled starspawn (Abyss:3)
  2 emperor scorpions
  A ghost moth (Spider:1)
  2 deep elf sorcerers (Elf:3)
  2 deep elf elementalists
  An orc warlord (Orc:2)
  3 deep elf demonologists
  A yellow draconian (Abyss:3)
  4 deep elf annihilators
  A dire elephant (Lair:5)
  3 deep elf death magi
  3 merfolk javelineers (Shoals:2)
  7 merfolk impalers
  4 deep elf high priests
  5 hydras
  A great orb of eyes (D:15)
  A great orb of eyes (shapeshifter) (D:15)
  3 vault guards (D:14)
  An ogre mage (D:14)
  An alligator snapping turtle (Shoals:3)
  6 boulder beetles
  9 centaur warriors
  2 merfolk avatars
  4 death yaks (Lair:5)
  27 dancing weapons
  4 two-headed ogres
  A satyr (Shoals:3)
  3 merfolk aquamancers
  4 orc high priests (Orc:2)
  2 tengu warriors (D:13)
  21 deep elf knights
  4 skysharks
  A fire crab (shapeshifter) (Elf:1)
  A glowing orange brain (Abyss:3)
  A spatial maelstrom (Abyss:3)
  5 sea snakes
  14 deep elf archers
  28 deep elf pyromancers
  4 orc knights
  A large abomination (Abyss:3)
  A necromancer (Gauntlet)
  13 harpies
  A steelbarb worm (Spider:1)
  21 deep elf zephyrmancers
  2 wolf spiders (Spider:1)
  22 ugly things
  8 fauns
  5 orc sorcerers
  An oklob plant (Lair:5)
  6 cyclopes
  6 elephants
  13 manticores
  6 merfolk sirens
  2 water nymphs
  6 black mambas
  A gargoyle (D:13)
  A smoke demon (Abyss:3)
  An orange demon (Abyss:3)
  13 cane toads
  2 unseen horrors
  5 rime drakes
  7 yaktaurs
  2 efreet
  A kobold demonologist (D:13)
  10 komodo dragons
  2 tengu conjurers
  9 trolls
  A polar bear (Lair:5)
  14 starcursed masses (Abyss:3)
  An ancient zyme (Abyss:3)
  A meliai (D:13)
  25 merfolk
  5 wind drakes
  2 tarantellas (Spider:1)
  15 dream sheep
  6 snapping turtles
  Grinder (D:3)
  32 blink frogs
  8 slime creatures
  A culicivora (Spider:1)
  10 flying skulls (Abyss:3)
  5 shadows
  A centaur simulacrum (D:15)
  39 yaks
  4 air elementals
  2 wraiths
  3 water elementals
  2 golden eyes (Abyss:3)
  4 wyverns
  A fire elemental (Elf:3)
  5 basilisks
  4 steam dragons
  A redback (Spider:1)
  8 vampire mosquitoes
  A warg (Orc:1)
  12 water moccasins
  7 acid dragons
  Duvessa (D:6)
  26 orc warriors
  4 ogres
  2 ice beasts (D:8)
  30 wolves
  3 centaurs
  Blork the orc (D:6)
  6 bullfrogs
  3 earth elementals
  3 scorpions
  2 small abominations (Abyss:3)
  6 wights (D:8)
  Dowan (D:6)
  24 killer bees
  9 howler monkeys
  6 electric eels
  A lava snake (Lair:5)
  3 jellies
  28 orc priests
  A gnoll bouda (D:7)
  8 hounds
  2 sleepcaps
  Natasha (thrice) (D:3)
  2 iguanas (D:6)
  32 orc wizards
  Terence (D:2)
  7 hell rats (Lair:5)
  13 gnolls
  8 adders
  A shadow imp (D:7)
  3 white imps
  2 ufetubi
  2 dart slugs (D:4)
  52 orcs
  6 ball pythons
  5 endoplasms
  9 giant cockroaches
  7 goblins
  10 hobgoblins
  4 jackals (D:1)
  3 quokkas
  13 bats
  5 frilled lizards
  9 kobolds
  3 rats
  A ball lightning (Elf:2)
952 creatures vanquished.

Vanquished Creatures (collateral kills)
  Ilsuiw (Shoals:3)
  A catoblepas (Lair:1)
  A sea snake (Shoals:3)
  A harpy (Shoals:2)
  A faun (Shoals:3)
  2 manticores (Shoals:3)
  A cyclops (Shoals:3)
  4 merfolk sirens (Shoals:3)
  A water nymph (Shoals:3)
  4 dream sheep (Shoals:3)
  2 water elementals (Shoals:3)
19 creatures vanquished.

Vanquished Creatures (others)
  2 deep elf knights (Elf:2)
  An unseen horror (shapeshifter) (D:13)
  An orc priest (Orc:2)
  An orc (Orc:1)
  10 ball lightnings (Elf:2)
  A bush (Lair:5)
  70 fungi
  160 plants
  6 starspawn tentacles (Abyss:3)
252 creatures vanquished.

Grand Total: 1223 creatures vanquished

Notes
Turn   | Place    | Note
-------+----------+-------------------------------------------
     0 | D:1      | Fartwhistle the Draconian Transmuter began the quest for
                  | the Orb.
     0 | D:1      | Reached XP level 1. HP: 16/16 MP: 3/3
   205 | D:1      | Reached XP level 2. HP: 23/23 MP: 5/5
   456 | D:1      | Reached skill level 3 in Transmutations
   660 | D:1      | Reached XP level 3. HP: 28/28 MP: 6/6
  1232 | D:2      | Learned a level 2 spell: Wereblood
  1236 | D:2      | Learned a level 3 spell: Spider Form
  1309 | D:2      | Reached XP level 4. HP: 34/35 MP: 8/8
  1605 | D:2      | Found a faded altar of an unknown god.
  1634 | D:2      | Noticed Terence
  1647 | D:2      | Killed Terence
  1648 | D:2      | Reached skill level 4 in Transmutations
  1648 | D:2      | Reached skill level 1 in Poison Magic
  2012 | D:3      | Noticed Natasha
  2024 | D:3      | Reached XP level 5. HP: 23/40 MP: 5/9
  2027 | D:3      | Killed Natasha
  2073 | D:3      | Noticed Grinder
  2073 | D:3      | Paralysed by Grinder for 4 turns
  2076 | D:3      | Noticed Natasha
  2102 | D:3      | Killed Natasha
  2116 | D:3      | Killed Grinder
  2117 | D:3      | Reached skill level 5 in Transmutations
  2117 | D:3      | Reached XP level 6. HP: 29/47 MP: 9/11
  2148 | D:3      | Noticed Natasha
  2164 | D:3      | Killed Natasha
  2297 | D:3      | Found an iron altar of Okawaru.
  3024 | D:4      | Found Kigharpho's Magic Scroll Emporium.
  3050 | D:4      | Your scales start taking on a glossy black colour.
  3050 | D:4      | Reached XP level 7. HP: 45/55 MP: 8/13
  3050 | D:4      | Gained mutation: You are resistant to electric shocks.
                  | (rElec) [Black Draconian growth]
  3065 | D:4      | Reached skill level 6 in Transmutations
  3189 | D:4      | Bought a scroll of teleportation for 33 gold pieces
  3189 | D:4      | Bought a scroll of identify for 22 gold pieces
  3189 | D:4      | Bought a scroll of fear for 44 gold pieces
  3189 | D:4      | Bought a scroll of teleportation for 33 gold pieces
  3189 | D:4      | Bought a scroll of identify for 22 gold pieces
  3536 | D:4      | Found a staircase to the Ecumenical Temple.
  3553 | Temple   | Entered the Ecumenical Temple
  3637 | Temple   | Became a worshipper of Makhleb the Destroyer
  3904 | D:4      | Learned a level 4 spell: Airstrike
  3935 | D:5      | Entered Level 5 of the Dungeon
  4028 | D:5      | Reached skill level 1 in Air Magic
  4247 | D:5      | Identified the +6 dagger of the Mordant God {pain, rElec}
  4384 | D:5      | Reached XP level 8. HP: 5/66 MP: 11/15
  4435 | D:5      | Reached * piety under Makhleb
  4644 | D:5      | Reached skill level 5 in Spellcasting
  4655 | D:5      | Found a glowing golden altar of the Shining One.
  4661 | D:5      | Found a white marble altar of Elyvilon.
  4664 | D:5      | Found a hide-covered altar of Uskayaw.
  4664 | D:5      | Found an ornate altar of the Wu Jian Council.
  4676 | D:5      | Found a shimmering altar of Xom.
  4909 | D:5      | Found a snail-covered altar of Cheibriados.
  4909 | D:5      | Found a radiant altar of Vehumet.
  5259 | D:6      | Noticed Blork the orc
  5303 | D:6      | Killed Blork the orc
  5411 | D:6      | Noticed Duvessa
  5411 | D:6      | Noticed Dowan
  5429 | D:6      | Killed Duvessa
  5434 | D:6      | Killed Dowan
  5681 | D:6      | Reached skill level 5 in Air Magic
  6423 | D:7      | Reached XP level 9. HP: 68/71 MP: 3/19
  6560 | D:7      | Reached ** piety under Makhleb
  6761 | D:7      | Found the +8 trident of the Octopus King {venom, rElec
                  | rPois}
  6802 | D:7      | Identified the +0 helmet "Forist" {rF+}
  7592 | D:8      | Learned a level 4 spell: Ice Form
  7637 | D:8      | Noticed a two-headed ogre
  7940 | D:8      | Reached skill level 1 in Ice Magic
  8744 | D:8      | Found Daugupt's Antique Armour Shoppe.
  8753 | D:8      | Bought a glowing cloak for 232 gold pieces
  9199 | D:8      | Reached skill level 1 in Invocations
  9579 | D:9      | Reached skill level 5 in Fighting
  9758 | D:8      | Killed a two-headed ogre
  9759 | D:8      | Reached XP level 10. HP: 81/81 MP: 1/21
 10131 | D:9      | Noticed a two-headed ogre
 10182 | D:9      | Noticed a two-headed ogre
 10187 | D:9      | Killed a two-headed ogre
 10188 | D:9      | Reached skill level 5 in Unarmed Combat
 10415 | D:9      | Found a staircase to the Lair.
 10420 | D:9      | Noticed a manticore
 10429 | D:9      | Killed a manticore
 10616 | D:9      | Identified the +5 rapier of Trauma {flame, Dex+4}
 10641 | D:9      | Noticed a two-headed ogre
 10809 | D:9      | Killed a two-headed ogre
 11015 | D:10     | Entered Level 10 of the Dungeon
 11039 | D:10     | Found a staircase to the Orcish Mines.
 11725 | D:10     | Reached *** piety under Makhleb
 11854 | D:10     | Reached XP level 11. HP: 91/91 MP: 3/23
 12586 | Lair:1   | Entered Level 1 of the Lair of Beasts
 12722 | Lair:1   | Reached skill level 5 in Invocations
 12928 | Lair:1   | Noticed a catoblepas
 12955 | Lair:1   | Reached skill level 10 in Air Magic
 13068 | Lair:1   | Killed a catoblepas
 13920 | Lair:2   | Found a gate leading to a gauntlet.
 13929 | Gauntlet | Entered a Gauntlet
 13929 | Gauntlet | Found a transporter.
 13943 | Gauntlet | Found a transporter.
 13946 | Gauntlet | Found a transporter.
 13947 | Gauntlet | Found a transporter.
 13949 | Gauntlet | Noticed a necromancer
 13958 | Gauntlet | Found a transporter.
 13958 | Gauntlet | Found a transporter.
 13959 | Gauntlet | Found a transporter.
 13968 | Gauntlet | Found a transporter.
 13971 | Gauntlet | Found a transporter.
 13972 | Gauntlet | Found a transporter.
 13979 | Gauntlet | Noticed a reaper
 13980 | Gauntlet | Found a transporter.
 13983 | Gauntlet | Found a transporter.
 13984 | Gauntlet | Found a transporter.
 13992 | Gauntlet | Found a transporter.
 14108 | Gauntlet | Identified the +1 pair of gloves of Sec Ikk {*Corrode rC+
                  | Str+2 Int+8}
 14180 | Gauntlet | Killed a necromancer
 14236 | Gauntlet | Noticed a minotaur
 14285 | Gauntlet | Identified the +1 leather armour "Veket" {rPois MP+9}
 14628 | Lair:2   | Found a staircase to the Shoals.
 15149 | Lair:2   | Reached XP level 12. HP: 103/103 MP: 5/25
 15695 | Lair:2   | Found a hole to the Spider Nest.
 15900 | Lair:3   | Noticed a five-headed hydra
 15907 | Lair:3   | Killed a five-headed hydra
 16214 | Lair:3   | Reached skill level 10 in Spellcasting
 16316 | Lair:3   | Reached skill level 7 in Transmutations
 16733 | Lair:3   | Reached skill level 8 in Transmutations
 16750 | Lair:3   | Learned a level 7 spell: Dragon Form
 16833 | Lair:3   | Reached **** piety under Makhleb
 16975 | Lair:3   | Reached skill level 9 in Transmutations
 17301 | Lair:3   | Reached skill level 10 in Transmutations
 17946 | Lair:4   | Reached skill level 11 in Transmutations
 18063 | Lair:4   | Found a viscous altar of Jiyva.
 18063 | Lair:4   | Found a staircase to the Slime Pits.
 18214 | Lair:4   | Reached skill level 1 in Evocations
 18214 | Lair:4   | Reached XP level 13. HP: 111/111 MP: 27/27
 19292 | Lair:5   | Entered Level 5 of the Lair of Beasts
 19850 | Lair:5   | Reached skill level 12 in Transmutations
 19998 | Lair:5   | Reached ***** piety under Makhleb
 20386 | Lair:5   | Reached skill level 13 in Transmutations
 20534 | Lair:5   | Identified the +1 broad axe of Spite {drain, rElec rPois
                  | rF+ Str-4}
 20535 | Lair:5   | Identified the +7 trident of the Heavens {drain, rElec
                  | rPois rC+}
 20572 | Lair:5   | Identified the +0 acid dragon scales of the Wasteland {Fly
                  | rCorr Str+7 Int-4 Dex+4}
 20964 | Lair:5   | Reached skill level 14 in Transmutations
 21040 | Lair:5   | Noticed a dire elephant
 21049 | Lair:5   | Killed a dire elephant
 21580 | Lair:5   | Gained mutation: Your large and strong wings let you fly.
                  | [Black Draconian growth]
 21580 | Lair:5   | Reached XP level 14. HP: 118/118 MP: 9/28
 21905 | Lair:5   | Reached skill level 15 in Transmutations
 23418 | D:12     | Reached skill level 16 in Transmutations
 23606 | D:12     | Found Ziliuxin's General Store.
 23620 | D:12     | Bought a potion of heal wounds for 80 gold pieces
 24069 | D:13     | Reached ****** piety under Makhleb
 24485 | D:13     | Reached skill level 10 in Fighting
 25164 | D:14     | Reached skill level 17 in Transmutations
 25356 | D:14     | Reached XP level 15. HP: 128/128 MP: 27/29
 25367 | D:14     | Reached skill level 10 in Unarmed Combat
 25371 | D:14     | Found a gate to the Vaults.
 25989 | D:15     | Entered Level 15 of the Dungeon
 26338 | D:15     | Noticed an emperor scorpion
 26354 | D:15     | Killed an emperor scorpion
 26388 | D:15     | Found a staircase to the Depths.
 26713 | D:15     | Found a glowing golden altar of the Shining One.
 27089 | Orc:1    | Entered Level 1 of the Orcish Mines
 27444 | Orc:2    | Entered Level 2 of the Orcish Mines
 27638 | Orc:2    | Found Ulosh's Jewellery Boutique.
 27754 | D:12     | Bought the ring "Wiyl" {rF+ EV+5 Dex+6} for 1001 gold
                  | pieces
 27871 | Orc:2    | Found a staircase to the Elven Halls.
 28507 | Orc:2    | Found Uxzethro's Book Emporium.
 28507 | Orc:2    | Found Anel's Assorted Antiques.
 28508 | Orc:2    | Found Vudgh's Weapon Shoppe.
 28513 | Orc:2    | Found Zuoq's Book Shoppe.
 28538 | Orc:2    | Bought a scroll labelled CEZELE KADDEUROGH for 22 gold
                  | pieces
 29289 | Spider:1 | Entered Level 1 of the Spider Nest
 29306 | Spider:1 | Noticed an emperor scorpion
 29314 | Spider:1 | Killed an emperor scorpion
 29701 | Spider:1 | Reached skill level 5 in Dodging
 29817 | Shoals:1 | Entered Level 1 of the Shoals
 30013 | Shoals:1 | Reached XP level 16. HP: 67/144 MP: 7/30
 30283 | Shoals:1 | Found Emunub Coty's Book Shop.
 31165 | Shoals:2 | HP: 9/217 [cyclops (10)]
 32582 | Shoals:2 | You are sucked into a shaft and drop 1 floor!
 32582 | Shoals:3 | Noticed Ilsuiw
 32582 | Shoals:3 | Found a gateway to a bazaar.
 32631 | Shoals:3 | Killed Ilsuiw
 32721 | Bazaar   | Entered a bazaar
 32728 | Bazaar   | Found Rytur's Antique Weapon Shop.
 32742 | Bazaar   | Found Byetugg's Magic Scroll Boutique.
 32756 | Bazaar   | Found Goimutas's Jewellery Shop.
 32784 | Bazaar   | Found Inlargha's General Store.
 32798 | Bazaar   | Found Tasud's Magic Scroll Boutique.
 32806 | Bazaar   | Bought a scroll of blinking for 135 gold pieces
 32806 | Bazaar   | Bought a scroll of blinking for 135 gold pieces
 32871 | Bazaar   | Bought a potion of haste for 180 gold pieces
 32960 | Shoals:3 | Noticed Mara
 32984 | Shoals:3 | Noticed Fartwhistle's illusion
 33930 | Shoals:2 | Learned a level 6 spell: Conjure Ball Lightning
 33958 | Shoals:3 | Noticed Fartwhistle's illusion
 34207 | Elf:1    | Entered Level 1 of the Elven Halls
 34257 | Elf:1    | Reached skill level 1 in Conjurations
 34537 | Elf:1    | Reached skill level 15 in Fighting
 34602 | Elf:1    | Found a runed translucent gate.
 34602 | Elf:1    | Found a runed translucent gate.
 34602 | Elf:1    | Found a runed translucent gate.
 34783 | Elf:1    | Reached XP level 17. HP: 156/156 MP: 31/31
 34792 | Elf:1    | Paralysed by an air elemental for 1 turns
 35708 | Elf:1    | Identified a scroll of acquirement
 35708 | Elf:1    | Acquired 830 gold pieces
 35769 | Elf:2    | Found a runed translucent gate.
 35770 | Elf:2    | Found a runed translucent gate.
 35774 | Elf:2    | Found a runed translucent gate.
 35837 | Elf:2    | Found a shimmering blue altar of Sif Muna.
 35865 | Elf:2    | Reached skill level 5 in Conjurations
 36252 | Elf:2    | HP: 3/234 [deep elf archer/arrow (17)]
 36257 | Elf:2    | HP: 2/234 [something/lance of force (4)]
 37071 | Elf:3    | Entered Level 3 of the Elven Halls
 37173 | Elf:2    | Noticed a deep elf blademaster
 37182 | Elf:2    | Killed a deep elf blademaster
 38902 | Elf:3    | Found Arimm's Book Shop.
 39372 | Elf:3    | Reached XP level 18. HP: 166/166 MP: 28/32
 39559 | Abyss:3  | Cast into level 3 of the Abyss (a deep elf sorcerer)
 39620 | Abyss:3  | Found a corrupted altar of Lugonu.
 39692 | Abyss:3  | Found a corrupted altar of Lugonu.
 39788 | Abyss:3  | Found a corrupted altar of Lugonu.
 39817 | Abyss:3  | Reached skill level 15 in Air Magic
 39832 | Abyss:3  | Found a corrupted altar of Lugonu.
 39840 | Abyss:3  | Paralysed by accursed screaming for 1 turns
 39853 | Abyss:3  | Noticed a profane servitor
 39867 | Abyss:3  | HP: 11/246 [profane servitor/+2 whip (10)]
 39868 | Abyss:3  | HP: 5/246 [profane servitor/+2 whip (14)]
 39868 | Abyss:3  | Killed from afar by a starcursed mass

Illustrated notes

Levels and vault maps discovered:
D:1:      lightli_arrival_flooded_house, layout_basic, minmay_tripent
D:2:      layout_basic, shapermc_ecumenical_altar_totnotflames, uniq_terence
D:3:      layout_loops_cross, kennysheep_okawaru_gauntlet, uniq_natasha,
          uniq_grinder
D:4:      layout_cave_pods, minmay_temple_entry_offerings, serial_shops,
          nicolae_shop_stone
D:5:      nicolae_cairo_tiling, layout_basic,
          nicolae_overflow_hallway_of_the_gods, gammafunk_temple_overflow_wave
D:6:      layout_basic, uniq_blork_the_orc, uniq_duvessa
D:7:      layout_cave_pools
D:8:      minmay_flawed_box, layout_loops_ring, serial_shops,
          nicolae_shop_tiny_statue_garden, corexii_hall_statues_l
D:9:      layout_roguey, erik_lair_island
D:10:     layout_loops_cross, orc_0_dummy
D:11:     layout_irregular_city
D:12:     layout_cave_pools, serial_shops, nicolae_shop_tiny_glass
D:13:     minmay_quarter_circles, layout_irregular_city
D:14:     layout_basic, grunt_vaults_entry_fortified
D:15:     hangedman_depths_entry_try_elsewhere_first, layout_long_grid,
          abandoned_shop, chequers_serial_rivers_micro_e, tso_metal_star
Temple:   nicolae_temple_great_sept
Lair:1:   layout_hall_layers, infiniplex_staircase_pool, grunt_megastairs_5
Lair:2:   layout_chaotic_city, minmay_shoals_entry_beasts,
          spider_nest_entry_web_field, serial_forest,
          infiniplex_forest_straight_1, infiniplex_forest_3_way,
          infiniplex_forest_clump_cross, infiniplex_forest_end_2,
          infiniplex_forest_lined_1, infiniplex_forest_clump_small,
          infiniplex_forest_zigzag_1, gauntlet_entry_generic
Lair:3:   layout_hall_layers
Lair:4:   layout_cave_pods, dpeg_slime_entry_enclosed, serial_bayou_shore_b,
          grunt_megastairs_3
Lair:5:   gammafunk_lair_ancient_temple, layout_gridlike,
          chequers_serial_rivers_micro_b
Shoals:1: layout_shoals, serial_shops, shop
Shoals:2: layout_shoals, st_sunken_huts
Shoals:3: layout_shoals, serial_shops, bzr_entry_lakeside, uniq_polyphemus,
          uniq_ilsuiw, uniq_mara
Spider:1: layout_spider_delve, hive_lemuel
Orc:1:    layout_caves
Orc:2:    st_orc_mages, layout_caves, serial_shops,
          nicolae_shop_temple_entry_statues_fountains, mines1_david
Elf:1:    layout_gridlike, hangedman_elf_represent, minivault_26,
          nicolae_elf_hall_of_bonks
Elf:2:    elven_hall_of_blades_hangedman_original
          [nicolae_blade_entry_crossed_weapons], layout_geoelf_grid, basic_altar
Elf:3:    nooodl_elf_gasket, layout_geoelf_castle, serial_shops, shop
Abyss:3:  base: Orc:1, abyss_furniture_001, evilmike_abyss_exit_12,
          evilmike_nicolae_abyss_rune_containment_curve, minivault_27

Skill      XL: |  1  2  3  4  5  6  7  8  9 10 11 12 13 14 15 16 17 18 |
---------------+-------------------------------------------------------+-----
Transmutations | 3 4 5 6 11 14 17 | 17.0
Spellcasting   | 3 4 6 7 8 9 10 | 10.0
Poison Magic   | 1 2 |  2.0
Fighting       | 2 3 4 5 6 8 9 10 13 15 16 | 16.1
Air Magic      | 2 6 8 9 10 11 14 15 | 15.1
Ice Magic      | 3 |  3.7
Unarmed Combat | 4 5 7 8 9 12 13 14 | 14.7
Invocations    | 2 4 6 |  6.0
Evocations     | 1 4 |  4.0
Dodging        | 5 8 |  8.0
Conjurations   | 2 7 8 |  8.7

Action                     |  1- 3 |  4- 6 |  7- 9 | 10-12 | 13-15 | 16-18 || total
---------------------------+-------+-------+-------+-------+-------+-------++-------
  Melee: Unarmed           |   167 |   161 |   443 |   422 |   860 |   607 ||  2660
         Tailslap          |    19 |     8 |    35 |    11 |   135 |    98 ||   306
         Headbutt          |     8 |       |       |       |       |       ||     8
         Kick              |     2 |     2 |       |       |       |       ||     4
         Punch             |     1 |     7 |     4 |     6 |    58 |    45 ||   121
         Bite              |       |       |       |       |    71 |    47 ||   118
  Throw: Stone             |       |    19 |       |       |       |       ||    19
   Cast: Beastly Appendage |     7 |     1 |       |     1 |       |       ||     9
         Spider Form       |       |     7 |    17 |       |     3 |       ||    27
         Wereblood         |       |     1 |     4 |     5 |    15 |    10 ||    35
         Airstrike         |       |       |    54 |   154 |    95 |    45 ||   348
         Ice Form          |       |       |     2 |    26 |     5 |       ||    33
         Dragon Form       |       |       |       |       |    56 |    56 ||   112
         Conjure Ball Ligh |       |       |       |       |       |     4 ||     4
 Invoke: Lesser Servant of |       |       |       |     4 |     1 |       ||     5
         Major Destruction |       |       |       |       |     1 |     1 ||     2
         Greater Servant o |       |       |       |       |       |     3 ||     3
Ability: Breathe Lightning |       |       |     7 |     1 |    14 |     8 ||    30
  Evoke: Wand              |       |       |       |       |       |     9 ||     9
    Use: Potion            |       |     1 |     4 |     4 |     1 |     7 ||    17
         Scroll            |       |     1 |     9 |     5 |     7 |    16 ||    38
   Stab: Sleeping          |     1 |     1 |     3 |     1 |     2 |     5 ||    13
         Distracted        |       |       |     1 |       |     2 |       ||     3
 Armour: Skin              |    73 |    73 |   112 |   150 |   522 |   209 ||  1139
  Dodge: Dodged            |   153 |   126 |   311 |   210 |   483 |   403 ||  1686
  Block: Other             |       |       |       |       |       |   113 ||   113
         Reflection        |       |       |       |       |       |    26 ||    26
